 Dungeon Crawl Stone Soup version 0.30.1-9-gdf580d7c3d (webtiles) character file.

Game seed: 8766973750161687961

11791 ringo67 the Frost Mage (level 11, -8/89 HPs)
             Began as a Vampire Ice Elementalist on Oct 5, 2023.
             Was a Priest of Sif Muna.
             Mangled by a minotaur
             ... wielding a +3 rapier of venom
              (13 damage)
             ... in a Gauntlet.
             The game lasted 01:02:10 (14394 turns).

ringo67 the Frost Mage (Vampire Ice Elementalist)  Turns: 14394, Time: 01:02:14

Health: -8/89      AC: 16    Str: 22    XL:     11   Next: 53%
Magic:  0/23       EV: 16    Int: 24    God:    Sif Muna [***...]
Gold:   677        SH:  0    Dex: 15    Spells: 7/20 levels left

rFire   . . .        R - +4 spear
rCold   + . .        (no shield)
rNeg    . . .        F - +4 moon troll leather armour {Spirit, Regen++ MP+5}
rPois   +            U - +0 helmet
rElec   .            s - +2 cloak {rPois}
rCorr   .            S - +0 pair of gloves
SInv    +            q - +1 pair of boots
Will    +....        k - amulet "Ciurchib" {Faith Drain Regen+ Str+9 Int+2}
Stlth   ++           e - +6 ring of strength
HPRegen 2.94/turn    G - ring of protection from cold
MPRegen 0.18/turn

%: no teleportation, guardian spirit, faith
@: lethally poisoned (-8 -> -9), freezing walls, healing quickly
A: alive, fangs 3, see invisible, vampiric 2
a: Exsanguinate, Renounce Religion, Channel Magic, Forget Spell


You were in a Gauntlet.
You worshipped Sif Muna.
Sif Muna was most pleased with you.
You visited 3 branches of the dungeon, and saw 12 of its levels.
You also visited: Gauntlet.

You collected 677 gold pieces.

Inventory:

Hand Weapons
 A - a +3 halberd
 R - a +4 spear (weapon)
Missiles
 o - 50 poisoned darts
Armour
 q - a +1 pair of boots (worn)
 s - a +2 cloak of poison resistance (worn)
 F - the +4 moon troll leather armour (worn) {Spirit, Regen++ MP+5}
   (You took it off a kobold brigand on level 6 of the Dungeon)

   MP:        It affects your magic capacity (+5).
   Regen:     It increases your rate of health regeneration.
 K - +0 acid dragon scales
 L - a +2 scale mail of poison resistance
 S - a +0 pair of gloves (worn)
 U - a +0 helmet (worn)
Magical Staves
 T - a staff of cold
Jewellery
 a - a ring of flight
 e - a +6 ring of strength (left hand)
 k - the amulet "Ciurchib" (around neck) {Faith Drain Regen+ Str+9 Int+2}
   (You found it in a Gauntlet)

   [amulet of faith]

   It allows you to gain divine favour quickly.
   Str:       It affects your strength (+9).
   Int:       It affects your intelligence (+2).
   Regen:     It increases your rate of health regeneration.
   Drain:     It drains your maximum health when unequipped.
 G - a ring of protection from cold (right hand)
Wands
 B - a wand of charming (14)
 J - a wand of quicksilver (11)
 M - a wand of roots (6)
 P - a wand of flame (21)
Scrolls
 d - a scroll of silence {unknown}
 g - 2 scrolls of poison
 i - 2 scrolls of blinking {unknown}
 j - 2 scrolls of summoning {unknown}
 l - 3 scrolls of enchant armour {unknown}
 p - a scroll of magic mapping
 r - 3 scrolls of fog
 u - 4 scrolls of teleportation
 v - 2 scrolls of noise {unknown}
 y - 2 scrolls of immolation {unknown}
 z - 3 scrolls of brand weapon {unknown}
 C - a scroll of vulnerability {unknown}
 D - 2 scrolls of fear {unknown}
 E - a scroll of enchant weapon {unknown}
 I - a scroll of torment {unknown}
 O - 2 scrolls of amnesia {unknown}
Potions
 b - a potion of magic
 c - 2 potions of brilliance
 f - 2 potions of lignification
 h - a potion of resistance
 m - 2 potions of heal wounds {unknown}
 n - a potion of invisibility {unknown}
 t - a potion of mutation {unknown}
 w - 3 potions of curing
 H - a potion of berserk rage {unknown}
 Q - 2 potions of attraction {unknown}


   Skills:
 + Level 9.3 Fighting
 + Level 5.4 Armour
 - Level 9.0 Dodging
 - Level 3.0 Stealth
 + Level 5.0 Spellcasting
 - Level 5.0 Summonings
 - Level 10.0 Ice Magic
 + Level 0.0 Invocations


You had 7 spell levels left.
You knew the following spells:

 Your Spells              Type           Power      Damage    Failure   Level
a - Freeze                Ice            100%       1d10      1%          1
b - Frozen Ramparts       Ice            100%       1d16      1%          3
c - Call Imp              Summ           60%        N/A       1%          2
d - Summon Ice Beast      Ice/Summ       42%        N/A       4%          4
e - Hailstorm             Conj/Ice       30%        3d8       3%          3

Your spell library contained the following spells:

 Spells                   Type           Power      Damage    Failure   Level
 Ozocubu's Armour         Ice            52%        N/A       1%          3
 Beastly Appendage        Tmut           12%        N/A       10%         1
 Magic Dart               Conj           24%        1d4       10%         1
 Ice Form                 Ice/Tmut       30%        N/A       13%         4
 Blink                    Tloc           12%        N/A       16%         2
 Lesser Beckoning         Tloc           12%        N/A       16%         2
 Momentum Strike          Conj/Tloc      12%        3d8       16%         2
 Wereblood                Tmut           6%         N/A       16%         2
 Mephitic Cloud           Conj/Pois/Air  6%         N/A       30%         3
 Spider Form              Tmut/Pois      6%         N/A       30%         3
 Iskenderun's Battlesphe  Conj           6%         2d6       95%         5
 Iron Shot                Conj/Erth      3%         9d2       100%        6
 Spellforged Servitor     Conj/Summ      9%         N/A       100%        7


Dungeon Overview and Level Annotations

Branches:
Dungeon (10/15)            Temple (1/1) D:7            Lair (1/5) D:10
    Orc (0/2) D:10        Gauntlet (1/1)

Altars:
Ashenzari
Cheibriados
Dithmenos
Fedhas
Gozag
Hepliaklqana
Kikubaaqudgha
Makhleb
Nemelex Xobeh
Okawaru
Qazlal
Ru
Sif Muna
Trog
Uskayaw
Vehumet
Wu Jian
Xom
Yredelemnul

Annotations:
D:7 3 runed translucent doors, fitz's ghost, novice HOFi Gauntlet 10 transporters


Innate Abilities, Weirdness & Mutations

Your natural rate of healing is accelerated.
You have razor-sharp teeth.
You have supernaturally acute eyesight. (SInv)
You are afflicted with vampirism and can become a bat while bloodless.


Message History

Confirm with . or Enter, or press ? or * to list all spells.
Casting: Frozen Ramparts (safe; 1% risk of failure)
Press: ? - help, Dir - look around, f - activate The walls around you are covered in ice.
You feel extremely sick.
The wall freezes the minotaur but does no damage.
The minotaur misses you.
The minotaur gores you but does no damage.
Your ice beast hits the minotaur but does no damage.
Your frozen ramparts will break if you move.
Continue?
Okay, then.
Casting: Frozen Ramparts (safe; 1% risk of failure)
Confirm with . or Enter, or press ? or * to list all spells.
A tiny devil pulls itself out of the air.
You feel very sick.
The wall freezes the minotaur but does no damage.
The minotaur hits your ice beast with a +3 rapier of venom!!
The minotaur gores your ice beast!
Your ice beast dies!
Your ice beast disappears in a puff of smoke!
Casting: Call Imp (safe; 1% risk of failure)
Confirm with . or Enter, or press ? or * to list all spells.
A chill wind blows around you.
The minotaur bellows!
You feel very sick.
The wall freezes the minotaur but does no damage.
The minotaur closely misses you. The minotaur gores you!
You hit the minotaur but do no damage.
The minotaur is severely wounded.
You feel very sick.
The wall freezes the minotaur but does no damage.
The minotaur hits you with a +3 rapier of venom!!
* * * LOW HITPOINT WARNING * * *
The minotaur gores you!
* * * LOW HITPOINT WARNING * * *
The minotaur blocks your cerulean imp's attack.
The minotaur blocks your ice beast's attack.
The wall freezes the minotaur.
The minotaur hits you with a +3 rapier of venom!
You die...

#...##.8.####.#...
#.#.##.....©#.##.. #
#.#...58.####..##. ##'
#.#.##...#..#...[§ #.⌠.
#...##.8.#..######
#...∩##.#.##...#≈.......
+⌠....'.#....8.#∩.......
#..⌠.##H#.##...#≈.......
### #@Y.##.8.#§.######
#5#.##...#..#4.:44
#.#....8.####.#^..
#.#.##.....©#.##.. #..
#.8.####.^### ###
#...#..#2...©
#≈8≈#..#.^##^
#####..#.##.


You could see a minotaur (ally target), a friendly ice beast (summoned) and a
friendly cerulean imp (summoned).

Vanquished Creatures
  Sonja (D:10)
  Pikel (D:8)
  A worldbinder (Gauntlet)
  A black mamba (Lair:1)
  Maurice (D:8)
  A cane toad (Lair:1)
  A torpor snail (Gauntlet)
  2 komodo dragons (Lair:1)
  A nameless horror (D:4)
  2 raiju (Gauntlet)
  A wyvern (D:10)
  9 yaks
  A wraith (D:10)
  A vampire mosquito (D:10)
  2 acid dragons
  2 water moccasins
  5 orc warriors
  3 ogres
  An ice beast (D:6)
  5 wolves (Gauntlet)
  2 boggarts (Gauntlet)
  3 black bears
  4 centaurs
  A lemure (D:8)
  3 kobold brigands
  A bullfrog (D:7)
  3 scorpions
  5 wights
  7 killer bees
  3 howler monkeys (D:9)
  A jelly (D:5)
  7 orc priests
  7 hounds
  3 iguanas
  2 sleepcaps
  6 orc wizards
  A lightning spire (Gauntlet)
  13 adders
  3 gnolls
  A river rat (D:6)
  2 white imps
  7 worms
  3 dart slugs
  41 orcs
  13 ball pythons
  An endoplasm (D:7)
  3 giant cockroaches
  6 hobgoblins
  5 jackals
  23 kobolds
  5 quokkas
  2 bats
  4 frilled lizards
  6 goblins
  12 rats
251 creatures vanquished.

Vanquished Creatures (collateral kills)
  Joseph (D:8)
  A troll (D:8)
  A yak (Lair:1)
  3 vampire mosquitoes (D:10)
  An ice beast (D:8)
  2 ogres
  3 centaurs
  A lemure (D:8)
  2 phantoms
  2 bullfrogs
  4 wights
  An orc wizard (D:8)
  An adder (D:6)
  6 orcs
  2 kobolds (D:6)
31 creatures vanquished.

Grand Total: 282 creatures vanquished

Notes
Turn   | Place    | Note
-------+----------+-------------------------------------------
     0 | D:1      | ringo67 the Vampire Ice Elementalist began the quest for
                  | the Orb.
     0 | D:1      | Reached XP level 1. HP: 13/13 MP: 3/3
   292 | D:1      | Reached XP level 2. HP: 18/20 MP: 3/5
   501 | D:1      | Found a faded altar of an unknown god.
   520 | D:1      | Reached skill level 1 in Fighting
   915 | D:2      | Gained mutation: You are afflicted with vampirism and can
                  | become a bat while bloodless. [Vampire growth]
   915 | D:2      | Reached XP level 3. HP: 23/26 MP: 1/6
  1598 | D:2      | Learned a level 3 spell: Frozen Ramparts
  1601 | D:2      | Learned a level 2 spell: Call Imp
  1907 | D:2      | Reached XP level 4. HP: 24/33 MP: 2/8
  2488 | D:2      | Reached skill level 1 in Summonings
  2578 | D:3      | Found a sacrificial altar of Ru.
  2593 | D:3      | Noticed an ogre
  2764 | D:2      | Reached XP level 5. HP: 38/38 MP: 5/9
  2769 | D:2      | Learned a level 4 spell: Summon Ice Beast
  2807 | D:3      | Noticed a +0 short sword
  2807 | D:3      | Noticed a +0 falchion
  2807 | D:3      | Noticed a +0 falchion
  2808 | D:3      | Noticed a +0 spear
  2808 | D:3      | Noticed a +0 spear
  2808 | D:3      | Noticed a +0 dagger
  2809 | D:3      | Noticed a +0 short sword
  2810 | D:3      | Noticed a +0 dagger
  2816 | D:3      | Found a hide-covered altar of Uskayaw.
  3143 | D:3      | Killed an ogre
  3144 | D:3      | Reached skill level 5 in Ice Magic
  3144 | D:3      | Reached XP level 6. HP: 5/46 MP: 0/11
  3825 | D:4      | Found a shimmering altar of Xom.
  4199 | D:4      | Found a stormy altar of Qazlal.
  4341 | D:5      | Entered Level 5 of the Dungeon
  4614 | D:5      | Found a blossoming altar of Fedhas.
  4628 | D:5      | Reached XP level 7. HP: 21/52 MP: 6/13
  5122 | D:5      | Reached skill level 6 in Ice Magic
  5564 | D:6      | Found a basalt altar of Yredelemnul.
  5582 | D:6      | Reached XP level 8. HP: 60/60 MP: 3/15
  5817 | D:6      | Reached skill level 5 in Spellcasting
  6042 | D:6      | HP: 3/61 [poisoned by a kobold brigand]
  6094 | D:6      | Noticed a nameless horror
  6154 | D:4      | Killed a nameless horror
  6472 | D:6      | Reached skill level 5 in Fighting
  6472 | D:6      | Reached skill level 5 in Summonings
  6873 | D:6      | Reached skill level 7 in Ice Magic
  7004 | D:7      | Found a burning altar of Makhleb.
  7008 | D:7      | Found a staircase to the Ecumenical Temple.
  7033 | Temple   | Entered the Ecumenical Temple
  7098 | Temple   | Became a worshipper of Sif Muna the Loreminder
  7281 | D:7      | Found a runed translucent gate.
  7281 | D:7      | Found a runed translucent gate.
  7281 | D:7      | Found a runed translucent gate.
  7282 | D:7      | Noticed fitz's ghost (novice HOFi)
  7326 | D:7      | Noticed a cyclops
  7481 | D:7      | Reached XP level 9. HP: 69/69 MP: 12/16
  8030 | D:7      | Reached skill level 8 in Ice Magic
  8127 | D:7      | Reached * piety under Sif Muna
  8154 | D:7      | Found a sparkling altar of Nemelex Xobeh.
  8416 | D:7      | Found a bloodstained altar of Trog.
  8653 | D:8      | Learned a level 3 spell: Hailstorm
  8721 | D:8      | Noticed Pikel
  8732 | D:8      | Killed Pikel
  8733 | D:8      | Reached skill level 5 in Dodging
  8797 | D:8      | Noticed a troll
  8805 | D:8      | Killed a troll
  8882 | D:8      | Reached skill level 1 in Armour
  8898 | D:8      | Reached skill level 9 in Ice Magic
  9243 | D:8      | Noticed Joseph
  9259 | D:8      | Killed Joseph
  9260 | D:8      | Reached XP level 10. HP: 20/79 MP: 0/17
  9712 | D:8      | Noticed Maurice
  9722 | D:8      | Killed Maurice
 11453 | D:9      | Reached ** piety under Sif Muna
 11824 | D:10     | Entered Level 10 of the Dungeon
 11966 | D:10     | Found an opulent altar of Gozag.
 12174 | D:10     | Found a staircase to the Lair.
 12332 | D:10     | Found a staircase to the Orcish Mines.
 12354 | D:10     | Reached skill level 10 in Ice Magic
 12639 | D:10     | Reached *** piety under Sif Muna
 12661 | D:10     | Reached XP level 11. HP: 87/87 MP: 17/18
 12940 | D:10     | Noticed Sonja
 12954 | D:10     | Killed Sonja
 13078 | Lair:1   | Entered Level 1 of the Lair of Beasts
 13215 | Lair:1   | Reached skill level 5 in Armour
 13269 | Lair:1   | Found a gate leading to a gauntlet.
 13281 | Gauntlet | Entered a Gauntlet
 13281 | Gauntlet | Found a transporter.
 13281 | Gauntlet | Found a transporter.
 13288 | Gauntlet | Found a transporter.
 13306 | Gauntlet | Found a transporter.
 13323 | Gauntlet | Found a transporter.
 13336 | Gauntlet | Found a transporter.
 13352 | Gauntlet | Found a transporter.
 13429 | Gauntlet | Found a transporter.
 13429 | Gauntlet | Found a transporter.
 13457 | Gauntlet | Found a transporter.
 13465 | Gauntlet | Found a transporter.
 13472 | Gauntlet | Found a transporter.
 13484 | Gauntlet | Noticed a green death
 13508 | Gauntlet | Found a transporter.
 13528 | Gauntlet | Noticed a tengu warrior
 13534 | Gauntlet | Found a transporter.
 13577 | Gauntlet | Found a transporter.
 13591 | Gauntlet | Found a transporter.
 14056 | Gauntlet | Noticed a merfolk aquamancer
 14062 | Gauntlet | Noticed a merfolk aquamancer
 14105 | Gauntlet | Identified the scarf of Parlour Games {harm, Str+4}
 14233 | Gauntlet | Identified the amulet "Ciurchib" {Faith Drain Regen+ Str+9
                  | Int+2}
 14371 | Gauntlet | Noticed a minotaur
 14394 | Gauntlet | Mangled by a minotaur

Illustrated notes

Levels and vault maps discovered:
D:1:      beargit_arrival_diablo_church, layout_loops_ring,
          basic_ecumenical_altar
D:2:      layout_basic, minmay_pentomino_o4
D:3:      layout_rooms, nicolae_uskayaw_en_pointe,
          nicolae_ru_sacrificial_ziggurat, minmay_misc_feat_enclosed
D:4:      wander_river, layout_basic, grunt_qazlal_clouds,
          nicolae_overflow_crystal_walls
D:5:      layout_basic, fedhas_ov_isle_minmay
D:6:      layout_gridville, overflow_temple_1_default, lightli_sewer_entry_pipes
D:7:      layout_loops_ring, trog_antimagical, bloody_makhleb,
          nemelex_dance_club_becter, minmay_temple_entry_steel_oval,
          gammafunk_ghost_split
D:8:      layout_cave_pods, good_gods_mini_temple, uniq_pikel, uniq_joseph,
          uniq_maurice
D:9:      layout_stronghold
D:10:     layout_loops_cross, nicolae_gozag_seed_capital, lair_entry_dummy,
          david_orc_5, roderic_lattice_a, uniq_sonja
Temple:   nicolae_temple_ecumenical_triangle
Lair:1:   layout_chaotic_city, gauntlet_entry_generic,
          small_statue_intersection, grunt_megastairs_3
Gauntlet: gammafunk_gauntlet_branching [nicolae_gauntlet_arena_grate_2,
          nicolae_gauntlet_arena_quarters, gammafunk_gauntlet_arena_corners,
          nicolae_gauntlet_arena_t_cross, nicolae_gauntlet_swirl,
          gammafunk_gauntlet_arena_spirals, gammafunk_gauntlet_arena_split_x,
          gammafunk_gauntlet_arena_split_diamond, gauntlet_exit_hidden_loot]

Skill      XL: |  1  2  3  4  5  6  7  8  9 10 11 |
---------------+----------------------------------+-----
Fighting       | 1 2 3 4 5 7 8 9 |  9.3
Spellcasting   | 3 4 5 |  5.0
Summonings     | 1 2 3 4 5 |  5.0
Ice Magic      | 5 6 7 9 10 | 10.0
Dodging        | 5 7 9 |  9.0
Armour         | 1 4 5 |  5.4
Stealth        | |  3.0

Action                     |  1- 3 |  4- 6 |  7- 9 | 10-12 || total
---------------------------+-------+-------+-------+-------++-------
  Melee: Unarmed           |     6 |       |       |       ||     6
         Bite              |     3 |     5 |    21 |    14 ||    43
         Mace              |     2 |       |       |       ||     2
         Dagger            |    24 |       |       |       ||    24
         Short sword       |     3 |    50 |       |       ||    53
         Trident           |       |    43 |   162 |       ||   205
         Punch             |       |     1 |       |     3 ||     4
         Flail             |       |       |    29 |    41 ||    70
         Spear             |       |       |       |   124 ||   124
   Cast: Freeze            |    43 |    34 |    11 |     5 ||    93
         Frozen Ramparts   |       |    13 |    43 |    43 ||    99
         Call Imp          |       |     5 |    27 |    20 ||    52
         Summon Ice Beast  |       |       |    19 |    29 ||    48
         Hailstorm         |       |       |       |     7 ||     7
    Use: Scroll            |       |       |     2 |     7 ||     9
         Potion            |       |       |     2 |     2 ||     4
   Stab: Sleeping          |     5 |     4 |     4 |       ||    13
         Distracted        |       |     1 |     2 |     4 ||     7
 Armour: Robe              |     3 |       |       |       ||     3
         Leather armour    |    11 |    24 |    37 |       ||    72
         Troll leather arm |       |       |    31 |    80 ||   111
         Acid dragon scale |       |       |       |     1 ||     1
  Dodge: Dodged            |    37 |    69 |   133 |   175 ||   414
